 Dungeon Crawl Stone Soup version 0.30-a0-1113-ga8025317a9 (webtiles) character file.

Game seed: 7747796948412639616

51 Essalna the Firebug (level 3, -1/21 HPs)
             Began as a Tengu Fire Elementalist on Apr 20, 2023.
             Slain by a kobold brigand
             ... wielding a +0 dagger
              (7 damage)
             ... on level 3 of the Dungeon.
             The game lasted 00:03:41 (2404 turns).

Essalna the Firebug (Tengu Fire Elementalist)       Turns: 2404, Time: 00:03:41

Health: -1/21      AC:  2    Str:  8    XL:     3   Next: 81%
Magic:  13/13      EV: 12    Int: 23    God:
Gold:   115        SH:  0    Dex: 14    Spells: 5/6 levels left

rFire   . . .      SeeInvis .    k - +6 Majin-Bo {spellvamp, MP+6 Int+6}
rCold   . . .      Faith    .    (no shield)
rNeg    . . .      Spirit   .    a - +0 robe
rPois   .          Reflect  .    (helmet restricted)
rElec   .          Rampage  .    (no cloak)
rCorr   .                        (no gloves)
Will    .....                    (boots unavailable)
Stlth   +                        f - amulet of regeneration
HPRegen 1.03/turn                (no ring)
MPRegen 0.13/turn                (no ring)

@: confused, mighty, brilliant
A: beak, talons 3
a: no special abilities


You were on level 3 of the Dungeon.
You visited 1 branch of the dungeon, and saw 3 of its levels.

You collected 115 gold pieces.

Inventory:

Hand Weapons
 k - the +6 Majin-Bo (weapon) {spellvamp, MP+6 Int+6}
   (You found it on level 2 of the Dungeon)

   Int:       It affects your intelligence (+6).
   MP:        It affects your magic capacity (+6).
Armour
 a - a +0 robe (worn)
Jewellery
 f - an amulet of regeneration (around neck)
Scrolls
 e - a scroll of brand weapon {unknown}
 g - a scroll of vulnerability {unknown}
 h - 5 scrolls of enchant weapon {unknown}
 i - a scroll of silence {unknown}
 l - a scroll of blinking {unknown}
 n - a scroll of teleportation {unknown}
 o - 3 scrolls of identify {unknown}
 p - a scroll of noise {unknown}
 q - a scroll of fear {unknown}
 r - a scroll of summoning {unknown}
Potions
 b - a potion of magic
 c - a potion of haste {unknown}
 d - a potion of might
 j - a potion of invisibility {unknown}
 m - 2 potions of brilliance


   Skills:
 + Level 1.7 Fighting
 - Level 2.1 Dodging
 - Level 2.0 Stealth
 - Level 2.0 Spellcasting
 + Level 2.8 Conjurations
 + Level 4.0 Fire Magic


You had 5 spell levels left.
You knew the following spells:

 Your Spells              Type           Power      Damage    Failure   Level
a - Foxfire               Conj/Fire      100%       2x1d9     3%          1

Your spell library contained the following spells:

 Spells                   Type           Power      Damage    Failure   Level
 Scorch                   Fire           62%        2d8       3%          2
 Inner Flame              Hex/Fire       17%        N/A       17%         3
 Volatile Blastmotes      Fire/Tloc      34%        2d12      17%         3
 Flame Wave               Conj/Fire      27%        2d9       30%         4


Dungeon Overview and Level Annotations

Branches:
Dungeon (3/15)

Altars:


Innate Abilities, Weirdness & Mutations

You have a beak for a mouth.
You have claws for feet.


Message History

Your will is overpowered!
You are more confused.
The kobold brigand zaps a wand.
You resist with significant effort.
You're too confused to cast spells.
Sorry, you're not good enough to have a special ability.
You're too confused to cast spells.
Sorry, you're not good enough to have a special ability.
The kobold brigand attacks as you move away!
The kobold brigand misses you.
You're too confused to cast spells.
Sorry, you're not good enough to have a special ability.
The kobold brigand zaps a wand.
Your will is overpowered!
You are more confused.
The kobold brigand zaps a wand.
Your will is overpowered!
You are more confused.
You bump into the stone wall.
The kobold brigand zaps a wand.
Your will is overpowered!
You are more confused.
The kobold brigand zaps a wand.
Your will is overpowered!
You are more confused.
The now-empty wand crumbles to dust.
The kobold brigand hits you with a +0 dagger!
You hit the kobold brigand.
The kobold brigand is lightly wounded.
The kobold brigand hits you with a +0 dagger.
The kobold brigand closely misses you.
The kobold brigand completely misses you.
The kobold brigand hits you with a +0 dagger!
* * * LOW HITPOINT WARNING * * *
The kobold brigand hits you with a +0 dagger.
* * * LOW HITPOINT WARNING * * *
You are too confused!
It was a potion of brilliance.
You feel clever all of a sudden. The kobold brigand closely misses you.
The kobold brigand hits you with a +0 dagger.
* * * LOW HITPOINT WARNING * * *
It was a potion of might.
You feel very mighty all of a sudden.
The kobold brigand hits you with a +0 dagger!
You die...

###..## ###.(...#
#####.....<.#
###########..##.......#
........†............##
P#.<.#.....####.......#
.....#................#
..
#.#.......###.....[.#
...#...#@K...#
##.....##
......#.....## ##....#
...P........# #..###
.##P..##....# ..# #
#... #....# .# #..
####.### ..# ...
#..§#######§§.# ...#
#..§§§§§§§§§... .
#.§§§§§§§§§§#..


You could see a kobold brigand.

Vanquished Creatures
  2 dart slugs
  5 bats
  5 endoplasms
  6 giant cockroaches
  4 goblins (D:1)
  5 hobgoblins
  3 kobolds
  3 quokkas (D:1)
  2 frilled lizards (D:1)
  4 rats
39 creatures vanquished.

Vanquished Creatures (others)
  134 foxfires
134 creatures vanquished.

Grand Total: 173 creatures vanquished

Notes
Turn   | Place    | Note
-------+----------+-------------------------------------------
     0 | D:1      | Essalna the Tengu Fire Elementalist began the quest for the
                  | Orb.
     0 | D:1      | Reached XP level 1. HP: 10/10 MP: 4/4
   223 | D:1      | Reached XP level 2. HP: 16/16 MP: 4/6
   318 | D:1      | Reached skill level 1 in Fighting
   501 | D:1      | Reached XP level 3. HP: 20/20 MP: 0/7
  1339 | D:2      | Found the +6 Majin-Bo {spellvamp, MP+6 Int+6}
  2243 | D:3      | Reached skill level 4 in Fire Magic
  2365 | D:3      | Found a faded altar of an unknown god.
  2365 | D:3      | Noticed a kobold brigand
  2404 | D:3      | Slain by a kobold brigand

Illustrated notes

Levels and vault maps discovered:
D:1:      eino_arrival_water_star, layout_loops_ring, minmay_misc_feat_tower
D:2:      layout_loops_ring
D:3:      kb_forest_paths, layout_rooms, kiku_gazebo_garden_becter,
          beargit_hepliaklqana_dungeon_heroes, patterned_corridor

Skill      XL: |  1  2  3 |
---------------+----------+-----
Conjurations   | 2 |  2.8
Fighting       | 1 |  1.7
Fire Magic     | 4 |  4.0
Dodging        | |  2.1
Stealth        | |  2.0
Spellcasting   | |  2.0

Action                     || total
---------------------------++-------
  Melee: Unarmed           ||    17
         Kick              ||     5
         Peck              ||     2
         Bo                ||     5
   Cast: Foxfire           ||    90
    Use: Potion            ||     2
 Armour: Robe              ||     9
  Dodge: Dodged            ||    25

Table legend: (Time is in decaauts)
 A = Elapsed time spent in this place.
 B = Non-inter-level travel time spent in this place.
 C = Inter-level travel time spent in this place.
 D = Time resting spent in this place.
 E = Time spent auto-exploring this place.
 F = Levels seen in this place.
 G = Mean time per level.
                   A        B        C        D        E       F      G
               +--------+--------+--------+--------+--------+-----+--------+
         Total |   2404 |   2335 |     69 |      0 |   2048 |   3 |  801.3 |
       Dungeon |   2404 |   2335 |     69 |      0 |   2048 |   3 |  801.3 |
               +--------+--------+--------+--------+--------+-----+--------+

Top non-repeatable levels by time:
     D:1: 1339 daAuts
     D:2: 877 daAuts
     D:3: 187 daAuts
